 Dungeon Crawl Stone Soup version 0.28-a0-1415-g7c84da036a (webtiles) character file.

Game seed: 12586230235473643536

194 southernslant the Skirmisher (level 5, -1/32 HPs)
             Began as a Gargoyle Gladiator on Jan 7, 2022.
             Was an Initiate of Makhleb.
             Slain by Sigmund (4 damage)
             ... on level 3 of the Dungeon.
             The game lasted 00:04:40 (1903 turns).

southernslant the Skirmisher (Gargoyle Gladiator)   Turns: 1903, Time: 00:04:41

Health: -1/32      AC:  8    Str: 17    XL:     5   Next: 73%
Magic:  5/5        EV:  9    Int:  9    God:    Makhleb [......]
Gold:   117        SH:  5    Dex: 13    Spells: 4/4 levels left

rFire   . . .      SeeInvis .   q - +6 long sword of Destiny {vamp, +Blink rCorr}
rCold   . . .      Faith    .   (no shield)
rNeg    + . .      Spirit   .   b - +0 leather armour
rPois   ∞          Reflect  +   c - +0 helmet
rElec   +          Harm     .   (no cloak)
rCorr   +          Rampage  .   (no gloves)
Will    .....                   (no boots)
Stlth   ++........              i - amulet of reflection
HPRegen 0.10/turn               (no ring)
MPRegen 0.09/turn               (no ring)

@: constricted
A: sickness immunity, AC +4, negative energy resistance 1, electricity
resistance, torment resistance 1, petrification resistance
a: Renounce Religion, Evoke Blink


You were on level 3 of the Dungeon.
You worshipped Makhleb.
Makhleb was noncommittal.
You visited 1 branch of the dungeon, and saw 4 of its levels.

You collected 117 gold pieces.

Inventory:

Hand Weapons
 a - a +0 trident
 q - the +6 long sword of Destiny (weapon) {vamp, +Blink rCorr}
   (You found it on level 2 of the Dungeon)

   It occasionally heals its wielder for a portion of the damage dealt when it
   wounds a living foe.
   +Blink:    It lets you blink.
   rCorr:     It protects you from acid and corrosion.
 r - a +3 dagger of electrocution
Missiles
 d - 3 throwing nets
 m - 2 silver javelins (quivered)
 n - 40 stones
Armour
 b - a +0 leather armour (worn)
 c - a +0 helmet (worn)
Jewellery
 i - an amulet of reflection (around neck)
Scrolls
 e - 2 scrolls of fog {unknown}
 k - a scroll of enchant armour {unknown}
 l - 2 scrolls of identify {unknown}
 p - a scroll of magic mapping {unknown}
Potions
 f - a potion of lignification {unknown}
 g - a potion of might {unknown}
 h - a potion of brilliance {unknown}
 j - 2 potions of curing {unknown}
 o - a potion of invisibility {unknown}


   Skills:
 * Level 3.6 Fighting
 * Level 1.8 Long Blades
 - Level 2.9 Polearms
 - Level 2.0 Throwing
 * Level 2.5 Armour
 + Level 2.8 Dodging
 + Level 1.8 Stealth


You had 4 spell levels left.
You didn't know any spells.
Your spell library was empty.

Dungeon Overview and Level Annotations

Branches:
Dungeon (4/15)
 Temple: D:4-7

Altars:
Makhleb

Annotations:
D:3 Sigmund


Innate Abilities, Weirdness & Mutations

You are immune to sickness and miasma.
Your stone body is resilient. (AC +4)
You are immune to poison.
You resist negative energy. (rN+)
You are resistant to electric shocks. (rElec)
You are resistant to unholy torment.
You are immune to petrification.


Message History

You see here a bat skeleton.
Things that are here:
a bat skeleton; a bat skeleton Sigmund the Dreaded comes into view.
He is wielding a +0 scythe.
Throw: 3 javelins (silver)
Press: ? - help, Q - select action, (/) - cycle Shift-Dir - straight line, f - Sigmund
Aim: Sigmund, wielding a +0 scythe and wearing a +0 robe (asleep, 98% to hit)
You throw a silver javelin.
The silver javelin pierces through Sigmund!
Sigmund shouts!
Sigmund is heavily wounded.
A ball python comes into view.
Sigmund barely misses you.
The ball python moves out of view.
You closely miss Sigmund.
Sigmund is heavily wounded.
Sigmund casts a spell at you. You resist with some effort.
You closely miss Sigmund.
Sigmund is heavily wounded.
Sigmund closely misses you.
You slash Sigmund!
Sigmund is severely wounded.
Sigmund casts a spell.
Sigmund flickers and vanishes!
Deactivating autopickup; reactivate with Ctrl-A.
You closely miss something.
You hear some strange, mumbled words.
A puff of flame appears from out of thin air!
The puff of flame hits you!
You miss something.
You hear some strange, mumbled words.
A magic dart appears from out of thin air!
The magic dart hits you.
You slash something! The ball python barely misses you.
You block the ball python's attack. Something hits you!
* * * LOW HITPOINT WARNING * * *
You closely miss something. You block the ball python's attack.
The ball python barely misses you. The ball python closely misses you.
The ball python grabs you. The ball python constricts you. Something hits you.
You die...

.......#.# ##.###.#.#
..# #.##..#.# ..#
#.##.##.##### ...#
##...........# ...#
.........###.#####...###
...##.....##............
........#...............
...##...####....@S......
.............####{.....#
#####.######## ....#.# #
#.# ...(# #####.# ....#
......# ....# #####.##
..... ######.# ###
...... #..##÷# #.#


You could see a ball python.

Vanquished Creatures
  A vampire bat (D:3)
  A centaur skeleton (D:4)
  An adder (D:4)
  2 worms (D:2)
  3 fire bats (D:3)
  An orc (D:3)
  2 spectral bats (D:3)
  3 bat skeletons (D:3)
  A bat zombie (D:3)
  An endoplasm (D:2)
  2 giant cockroaches
  3 hobgoblins
  3 kobolds
  3 quokkas
  3 ball pythons (D:1)
  14 bats
  A bat simulacrum (D:3)
  3 frilled lizards
  3 rats
51 creatures vanquished.

Notes
Turn   | Place    | Note
-------+----------+-------------------------------------------
     0 | D:1      | southernslant the Gargoyle Gladiator began the quest for
                  | the Orb.
     0 | D:1      | Reached XP level 1. HP: 12/12 MP: 1/1
   228 | D:1      | Reached XP level 2. HP: 18/18 MP: 2/2
   547 | D:1      | Found a faded altar of an unknown god.
   750 | D:2      | Reached skill level 1 in Armour
  1035 | D:2      | Reached XP level 3. HP: 21/22 MP: 3/3
  1041 | D:2      | Identified the +6 long sword of Destiny {vamp, +Blink
                  | rCorr}
  1145 | D:2      | Found a burning altar of Makhleb.
  1332 | D:2      | Became a worshipper of Makhleb the Destroyer
  1530 | D:2      | You fall into a shaft and drop 2 floors!
  1537 | D:4      | Reached skill level 3 in Fighting
  1537 | D:4      | Reached skill level 1 in Stealth
  1537 | D:4      | Reached XP level 4. HP: 28/28 MP: 4/4
  1575 | D:3      | Reached skill level 1 in Long Blades
  1703 | D:3      | Reached XP level 5. HP: 24/32 MP: 5/5
  1894 | D:3      | Noticed Sigmund
  1903 | D:3      | Slain by Sigmund

Illustrated notes

Levels and vault maps discovered:
D:1:      giann_wishing_wells, layout_basic, chequers_ecumenical_altar_grove,
          minmay_misc_feat_columns, minmay_tetromino_o2
D:2:      layout_loops_ring, basic_altar, nrook_mini_vaults,
          chequers_mini_garden
D:3:      layout_loops_cross, general_overflow_altar, goddamned_bats,
          uniq_pargi, uniq_sigmund
D:4:      layout_basic, mainiacjoe_overflow_chevrons, xom_redecorated,
          guppyfry_shop_venom

Skill      XL: |  1  2  3  4 |
---------------+-------------+-----
Armour         | 1 2 |  2.5
Throwing       | 2 |  2.0
Fighting       | 3 |  3.6
Stealth        | 1 |  1.8
Long Blades    | 1 |  1.8
Polearms       | |  2.9
Dodging        | |  2.8

Action                   |  1- 3 |  4- 6 || total
-------------------------+-------+-------++-------
Melee: Trident           |    74 |       ||    74
       Punch             |     1 |     1 ||     2
       Long sword        |    21 |    77 ||    98
Throw: Javelin           |       |     1 ||     1
 Stab: Sleeping          |     2 |       ||     2
       Distracted        |       |     1 ||     1
Armor: Leather armour    |    23 |    83 ||   106
Dodge: Dodged            |    41 |   105 ||   146
Block: Other             |    17 |    41 ||    58

Table legend: (Time is in decaauts)
 A = Elapsed time spent in this place.
 B = Non-inter-level travel time spent in this place.
 C = Inter-level travel time spent in this place.
 D = Time resting spent in this place.
 E = Time spent auto-exploring this place.
 F = Levels seen in this place.
 G = Mean time per level.
                   A        B        C        D        E       F      G
               +--------+--------+--------+--------+--------+-----+--------+
         Total |   1947 |   1876 |     71 |      0 |   1173 |   4 |  486.8 |
       Dungeon |   1947 |   1876 |     71 |      0 |   1173 |   4 |  486.8 |
               +--------+--------+--------+--------+--------+-----+--------+

Top non-repeatable levels by time:
     D:1: 892 daAuts
     D:2: 656 daAuts
     D:3: 365 daAuts
     D:4: 33 daAuts
